 Dungeon Crawl Stone Soup version 0.19.5 (webtiles) character file.

8 equalderp2856 the Caller (level 2, -4/11 HPs)
             Began as a Felid Summoner on Mar 31, 2017.
             Slain by a kobold
             ... wielding a +0 short sword
              (5 damage)
             ... on level 1 of the Dungeon.
             The game lasted 00:00:50 (193 turns).

equalderp2856 the Caller (Felid Summoner)            Turns: 193, Time: 00:00:52

Health: -4/11      AC:  1    Str:  4    XL:     2   Next: 0%
Magic:  6/6        EV: 18    Int: 16    God:
Gold:   25         SH:  0    Dex: 16    Spells: 1 memorised, 4 levels left
                                        Lives:  0   Deaths: 0

rFire  . . .     SeeInvis +     (weapon unavailable)
rCold  . . .     Gourm    .     (armour unavailable)
rNeg   . . .     Faith    .     (shield unavailable)
rPois  .         Spirit   .     (helmet unavailable)
rElec  .         Reflect  .     (cloak unavailable)
rCorr  .         Harm     .     (gloves unavailable)
MR     .....                    (boots unavailable)
Stlth  +++.......               (no amulet)
                                (no ring)
                                (no ring)

@: quick
A: no armour, no weapons or thrown items, stealth, claws 1, fangs 3, see
invisible, carnivore 3, speed 1, shaggy fur 1, slow metabolism 1, sharp paws
a: no special abilities


You were on level 1 of the Dungeon.
You were not hungry.

You visited 1 branch of the dungeon, and saw 1 of its levels.

You collected 25 gold pieces.

Inventory:

Books
 a - a book of Callings

   Spells                             Type                      Level
   a - Summon Small Mammal            Summoning                    1
   b - Call Imp                       Summoning                    2
   c - Call Canine Familiar           Summoning                    3
   d - Summon Guardian Golem          Hexes/Summoning              3
   e - Summon Lightning Spire         Summoning/Air                4
   f - Summon Ice Beast               Ice/Summoning                4
Comestibles
 b - a meat ration
 c - a slice of pizza


   Skills:
 + Level 2.8 Dodging
 + Level 2.8 Stealth
 + Level 0.4 Unarmed Combat
 + Level 2.0 Spellcasting
 - Level 4.2 Summonings


You had 4 spell levels left.
You knew the following spells:

 Your Spells              Type           Power        Failure   Level  Hunger
a - Summon Small Mammal   Summ           ###.         4%          1    #......


Dungeon Overview and Level Annotations

Branches:
Dungeon (1/15)

Altars:


Innate Abilities, Weirdness & Mutations

You cannot wear armour.
You are incapable of wielding weapons or throwing items.
Your paws allow you to move quietly. (Stealth)
You have sharp claws.
You have razor-sharp teeth.
You have supernaturally acute eyesight. (SInv)
You are carnivorous and can eat meat at any time.
You cover ground quickly.
You are covered in fur. (AC +1)
You have a slow metabolism.
Your sharp claws are effective at attacking unaware monsters.


Message History

A frilled lizard comes into view.
The kobold shouts!
A kobold comes into view. It is wielding a short sword.
The kobold shouts!
A kobold comes into view. It is wielding a whip.
You scratch the kobold.
The kobold is moderately wounded.
The kobold hits you with a whip.
You scratch the kobold.
The kobold is heavily wounded.
You scratch the kobold but do no damage.
The kobold is heavily wounded.
The kobold misses you. The kobold hits you with a short sword.
You scratch the kobold but do no damage.
The kobold is heavily wounded.
The kobold hits you with a whip.
Ouch! That really hurt!
* * * LOW HITPOINT WARNING * * *
The kobold hits you with a short sword.
You die...

#.## # ####.###.... #........#
#### #..#####.# ############
#..## #..# #.# #.<.#.(.#...
#...###.)# #.# #...#...#≈..
#.#...#..# #.# ##+###'###'###'#
#.###....# #.###..............P
#..##..#.#####.#@K......(........
##..........##.#K#...............
#..†.....)......##'###'###'###'#
#..........##...#...#...#P..#†..
#....>.....##...#...#..P#...#...
...#..#..#####...################
.....##...................#
..#..#.............K....##
......................#..#


You could see 2 kobolds.

Vanquished Creatures
  A giant cockroach (D:1)
  2 goblins (D:1)
  A kobold (D:1)
  2 bats (D:1)
  A frilled lizard (D:1)
  A rat (D:1)
8 creatures vanquished.

Notes
Turn   | Place    | Note
-------+----------+-------------------------------------------
     0 | D:1      | equalderp2856 the Felid Summoner began the quest for the Orb.
     0 | D:1      | Reached XP level 1. HP: 7/7 MP: 4/4
   131 | D:1      | Reached XP level 2. HP: 11/11 MP: 6/6
   193 | D:1      | Slain by a kobold

Action                   || total
-------------------------++-------
Melee: Unarmed           ||    17
       Bite              ||     1
 Stab: Sleeping          ||     3
Armor: Skin              ||     3
Dodge: Dodged            ||    14
